 Dungeon Crawl Stone Soup version 0.19-a0-1920-g83281cb (webtiles) character file.

1516 spe3d0 the Skirmisher (level 8, 0/109 HPs)
             Began as a Grey Draconian Berserker on Oct 24, 2016.
             Was a Priest of Trog.
             Slain by an orc warrior
             ... wielding a +0 halberd
              (3 damage)
             ... on level 6 of the Dungeon.
             The game lasted 00:25:44 (6097 turns).

spe3d0 the Skirmisher (Grey Draconian Berserker)    Turns: 6097, Time: 00:25:45

Health: 0/109      AC: 12    Str: 26    XL:     8   Next: 54%
Magic:  8/8        EV: 15    Int:  9    God:    Trog [***...]
Gold:   188        SH:  0    Dex: 12    Spells: 0 memorised, 7 levels left

rFire  + . .     SeeInvis .     a - +0 falchion
rCold  . . .     Gourm    .     (armour unavailable)
rNeg   . . .     Faith    .     (no shield)
rPois  .         Spirit   .     (helmet restricted)
rElec  .         Reflect  .     (no cloak)
rCorr  .         Harm     .     u - +0 pair of gloves
MR     .....                    (no boots)
Stlth  ..........               (no amulet)
                                v - ring of stealth
                                r - ring of protection from fire

@: berserking, lethally poisoned (0 -> 0), very quick
A: walk through water, unfitting armour, antennae 1, fangs 1, blink, blurry
vision 1, strong 1, unbreathing, evolution 1, cold-blooded, AC +11
a: Blink, Berserk, Trog's Hand, Burn Spellbooks, Renounce Religion


You were on level 6 of the Dungeon.
You worshipped Trog.
Trog was most pleased with you.
You were near starving.

You visited 1 branch of the dungeon, and saw 6 of its levels.

You collected 188 gold pieces.

Inventory:

Hand Weapons
 a - a +0 falchion (weapon)
 l - a +6 dagger
   (You took it off a goblin on level 2 of the Dungeon)
 q - a +2 dagger of holy wrath
   (You took it off Ijyb on level 3 of the Dungeon)
 x - a +0 blowgun
   (You took it off a kobold on level 4 of the Dungeon)
Missiles
 y - 10 poisoned needles
Armour
 u - a +0 pair of gloves (worn)
   (You found it on level 4 of the Dungeon)
Jewellery
 r - a ring of protection from fire (left hand)
   (You found it on level 3 of the Dungeon)
 v - a ring of stealth (right hand)
   (You found it on level 4 of the Dungeon)
Wands
 p - a wand of digging (13/24)
   (You found it on level 3 of the Dungeon)
Scrolls
 d - 11 scrolls of identify {unknown}
 e - a scroll of fog {unknown}
 f - a scroll of random uselessness {unknown}
 g - 3 scrolls of enchant weapon {unknown}
 h - a scroll of fear {unknown}
 j - 2 scrolls of teleportation {unknown}
 m - a scroll of remove curse {unknown}
 o - a scroll of blinking {unknown}
 A - a scroll of enchant armour {unknown}
 D - a scroll of amnesia {unknown}
Potions
 c - 2 potions of curing {unknown}
 i - 2 potions of agility {unknown}
 k - 3 potions of haste {unknown}
 s - a potion of mutation {unknown}
 w - a potion of berserk rage {unknown}
 z - a potion of magic {unknown}
 B - a potion of brilliance {unknown}
Books
 Z - a book of Flames
   (You found it on level 5 of the Dungeon)

   Spells                             Type                      Level
   a - Flame Tongue                   Conjuration/Fire             1
   b - Throw Flame                    Conjuration/Fire             2
   c - Conjure Flame                  Conjuration/Fire             3
   d - Inner Flame                    Hexes/Fire                   3
   e - Sticky Flame                   Conjuration/Fire             4
   f - Fireball                       Conjuration/Fire             5
   Trog disapproves of the use of such an item.
Comestibles
 b - a meat ration
 n - a fruit
 t - 2 bread rations
 C - a beef jerky


   Skills:
 * Level 7.5 Fighting
 * Level 6.9 Long Blades
 * Level 6.2 Dodging


You had 7 spell levels left.
You didn't know any spells.

Dungeon Overview and Level Annotations

Branches:
Dungeon (6/15)             Temple (0/1) D:5

Altars:
Makhleb

Shops:
D:4 [


Innate Abilities, Weirdness & Mutations

You can walk through water.
Your dull iron-grey scales are very hard. (AC +11)
You cannot fit into any form of body armour.
You can survive without breathing.
You are cold-blooded and may be slowed by cold attacks.
You have a pair of small antennae on your head.
You have very sharp teeth.
You can translocate small distances at will.
Scrolls take you a little longer to read.
Your muscles are strong. (Str +2)
You evolve.


Message History

You feel sick!
Things that are here:
a trident of venom; a leather armour An orc warrior comes into view!
It is wielding a halberd!
Things that are here:
a dagger; a leather armour The orc warrior shouts!!!
You hear a shout!!!
You feel sick!
The orc warrior hits you with a halberd!!!
You open the orc warrior like a pillowcase!
The orc warrior is lightly wounded!
The orc warrior completely misses you!
You closely miss the orc warrior!
The orc warrior is lightly wounded!
The orc warrior misses you!
You slice the orc warrior like a ripe choko!
The orc warrior is lightly wounded!
You feel sick!
The orc warrior hits you but does no damage!
You cut the orc warrior into ribbons!!!
The orc warrior is heavily wounded!
A centaur comes into view!
You barely miss the orc warrior!
Your tail-slap misses the orc warrior!
The orc warrior is heavily wounded!
The orc warrior hits you with a halberd!!!!!! * * * don't die
* * * The centaur wields a shortbow!
The centaur shoots an arrow!
The arrow misses you!
You carve the orc warrior like a ham!
You tail-slap the orc warrior, but do no damage!
Your bite misses the orc warrior!
The orc warrior is heavily wounded!
The orc warrior hits you with a halberd!!!!!! * * * don't die
* * * A red film seems to cover your vision as you go berserk!!!
You feel yourself moving faster!!!
You feel mighty!!!
You are near starving!!!
You feel sick!
The centaur unwields an uncursed shortbow!
The centaur closely misses you!
The orc warrior hits you with a halberd! * * * don't die
* * * The centaur completely misses you!
You are too injured to fight recklessly!!!
You are too injured to fight recklessly!!!
You are too injured to fight recklessly!!!
You closely miss the centaur! The centaur barely misses you!
You barely miss the centaur!
The orc warrior hits you with a halberd! rip

#...#.............
##...#....#######'#
#....#....#........
#....#....#.......#
#...(#....#[......#
#..)#....#..###'##
#..)#....#..##...#
#...'....##'##...#
#@..#........#...#
+...oc..#........#...#
#.......#####....#####
#..##...+...'......†..
#.. ##'###..#......†..
#. ... #..###'#..... #
...... ...#..... ...[
#...#..... #####.....


You could see an orc warrior and a centaur.

Vanquished Creatures
  The ghost of Jane the Conjurer, an amateur DrCj (D:6)
  Menkaure (D:5)
  A sky beast (D:6)
  An ice beast (D:4)
  3 ogres
  A centaur (D:5)
  Blork the orc (D:5)
  2 bullfrogs
  2 scorpions (D:4)
  A hound (D:6)
  2 orc wizards (D:4)
  An iguana (D:4)
  Ijyb (D:3)
  3 worker ants
  9 adders
  An ooze (D:4)
  A worm (D:2)
  A dart slug (D:2)
  4 leopard geckos
  16 orcs
  A ball python (D:3)
  8 bats
  4 giant cockroaches
  9 hobgoblins
  9 jackals
  10 frilled lizards
  5 goblins
  A jackal skeleton (D:4)
  9 kobolds
  A leopard gecko skeleton (D:4)
  A quokka skeleton (D:5)
  6 rats
117 creatures vanquished.

Notes
Turn   | Place    | Note
-------+----------+-------------------------------------------
     0 | D:1      | spe3d0 the Draconian Berserker began the quest for the Orb.
     0 | D:1      | Reached XP level 1. HP: 19/19 MP: 1/1
   141 | D:1      | Reached XP level 2. HP: 22/26 MP: 2/2
   242 | D:1      | Reached skill level 3 in Dodging
   521 | D:1      | HP: 4/26 [worm (10)]
   609 | D:1      | HP: 7/26 [worm (4)]
   696 | D:2      | HP: 13/26 [kobold/dagger (1)]
   933 | D:2      | HP: 13/26 [adder (3)]
   935 | D:2      | Reached XP level 3. HP: 12/31 MP: 3/3
   939 | D:2      | HP: 10/31 [poisoned by an adder]
   946 | D:2      | HP: 7/31 [poisoned by an adder]
   953 | D:2      | HP: 6/31 [poisoned by an adder]
   961 | D:2      | HP: 5/31 [poisoned by an adder]
  1366 | D:2      | Reached ** piety under Trog
  1545 | D:2      | Reached skill level 4 in Long Blades
  1580 | D:2      | HP: 16/33 [adder (2)]
  1584 | D:2      | Reached XP level 4. HP: 15/40 MP: 4/4
  1586 | D:2      | HP: 13/40 [poisoned by an adder]
  1591 | D:2      | HP: 12/40 [poisoned by an adder]
  1598 | D:2      | HP: 11/40 [poisoned by an adder]
  1606 | D:2      | HP: 10/40 [poisoned by an adder]
  2472 | D:3      | Noticed Ijyb
  2509 | D:3      | HP: 19/40 [Ijyb/dagger of holy wrath (2)]
  2510 | D:3      | Killed Ijyb
  2510 | D:3      | Reached skill level 4 in Fighting
  2545 | D:3      | HP: 20/40 [worker ant (4)]
  2552 | D:3      | HP: 20/40 [worker ant (1)]
  2557 | D:3      | HP: 17/40 [poisoned by a worker ant]
  2562 | D:3      | HP: 16/40 [poisoned by a worker ant]
  2570 | D:3      | HP: 15/40 [poisoned by a worker ant]
  2578 | D:3      | HP: 14/40 [poisoned by a worker ant]
  2647 | D:3      | HP: 18/40 [adder (4)]
  2653 | D:3      | HP: 11/40 [adder (4)]
  2656 | D:3      | Reached XP level 5. HP: 11/46 MP: 5/5
  2659 | D:3      | HP: 10/46 [poisoned by an adder]
  2664 | D:3      | HP: 9/46 [poisoned by an adder]
  2671 | D:3      | HP: 8/46 [poisoned by an adder]
  2679 | D:3      | HP: 7/46 [poisoned by an adder]
  3461 | D:4      | HP: 14/47 [iguana (12)]
  3468 | D:4      | HP: 12/47 [iguana (3)]
  3790 | D:4      | Noticed an ice beast
  3798 | D:4      | Reached skill level 4 in Dodging
  3798 | D:4      | Reached XP level 6. HP: 51/55 MP: 6/6
  3873 | D:4      | Reached skill level 5 in Fighting
  3873 | D:4      | Reached skill level 5 in Long Blades
  3956 | D:4      | Found Mopon's Antique Armour Boutique.
  4108 | D:4      | HP: 25/56 [ogre/giant spiked club (31)]
  4387 | D:4      | Reached *** piety under Trog
  4408 | D:4      | Your scales start taking on a dull iron-grey colour.
  4408 | D:4      | Reached XP level 7. HP: 50/61 MP: 7/7
  4408 | D:4      | Gained mutation: You can survive without breathing. [Grey Draconian growth]
  4856 | D:5      | Entered Level 5 of the Dungeon
  4862 | D:5      | Reached skill level 6 in Fighting
  4862 | D:5      | Reached skill level 5 in Dodging
  4894 | D:5      | Noticed Blork the orc
  4907 | D:5      | Killed Blork the orc
  5089 | D:5      | Noticed Menkaure
  5100 | D:5      | HP: 19/63 [??? (17)]
  5101 | D:5      | Killed Menkaure
  5101 | D:5      | Reached skill level 6 in Long Blades
  5355 | D:5      | Identified a book of Flames
  5438 | D:5      | Found a staircase to the Ecumenical Temple.
  5529 | D:5      | Found a burning altar of Makhleb.
  5627 | D:6      | Reached XP level 8. HP: 71/71 MP: 8/8
  5735 | D:6      | Gained mutation: You have a pair of small antennae on your head. [mutagenic meat]
  5738 | D:6      | Gained mutation: You have very sharp teeth. [mutagenic meat]
  5739 | D:6      | Gained mutation: Your muscles are strong. (Str +2) [mutagenic meat]
  5740 | D:6      | Gained mutation: You evolve. [mutagenic meat]
  5741 | D:6      | Gained mutation: Scrolls take you a little longer to read. [mutagenic meat]
  5776 | D:6      | Gained mutation: You can translocate small distances at will. [evolution]
  5821 | D:6      | Noticed Jane's ghost (amateur DrCj)
  5836 | D:6      | Jane's ghost turns its malevolent gaze towards you.
  5859 | D:6      | Killed Jane's ghost
  5859 | D:6      | Reached skill level 7 in Fighting
  5861 | D:6      | Reached skill level 6 in Dodging
  6093 | D:6      | HP: 26/73 [orc warrior/halberd (20)]
  6094 | D:6      | HP: 5/73 [orc warrior/halberd (21)]
  6097 | D:6      | Slain by an orc warrior

Vault maps used:
D:1:      dpeg_arrival_circle_labyrinth_a, minmay_pentomino_z2
D:2:      minmay_misc_feat_doors, minmay_vboxes
D:3:      minmay_close_crescents, uniq_iyjb
D:4:      first_bread, serial_shops, shop
D:5:      lightli_temple_of_fire, kennysheep_decorative_pillar, uniq_menkaure,
          uniq_blork_the_orc
D:6:      serial_shops, shop, uniq_grinder

Skill      XL: |  1  2  3  4  5  6  7  8 |
---------------+-------------------------+-----
Dodging        | 3 4 5 6 |  6.2
Long Blades    | 4 5 6 |  6.9
Fighting       | 4 5 6 7 |  7.5

Action                   |  1- 3 |  4- 6 |  7- 9 || total
-------------------------+-------+-------+-------++-------
Melee: Falchion          |    92 |   214 |   140 ||   446
       Tailslap          |    12 |    35 |    30 ||    77
       Bite              |       |       |    10 ||    10
Invok: Berserk           |       |     1 |     5 ||     6
 Stab: Sleeping          |     3 |     1 |       ||     4
  Eat: Beef jerky        |     1 |       |       ||     1
       Bread ration      |       |     2 |     2 ||     4
       Fruit             |       |     2 |       ||     2
       Chunk             |       |       |     5 ||     5
Armor: Skin              |    28 |    66 |    43 ||   137
Dodge: Dodged            |    55 |   158 |    93 ||   306
       Rpst.: Falchion   |    19 |    56 |    25 ||   100
